Map: Ascension to Aiur LE

Players

HoTSiX - Winner!

  • Race: Zerg Zerg
  • League: Platinum
  • Spawn Location: 11:00

CakePortal

  • Race: Terran Terran
  • Spawn Location: 5:00

VOD

Have the link to the VOD?

Description

plat vs new player

Time

  • Played on: Nov. 18, 2017, 6:48 p.m.
  • Length: 13:58
Show
View Real Time Build Order
Export as new Build Order

HoTSiX Zerg - Winner!

Build Orders: Pool First, Muta Ling Bane 

Get SALT Encoding   

  12  0:03  Drone  
  13  0:13  Drone  
  14  0:16  Overlord  
  14  0:36  Drone x3  
  17  0:46  Spawning Pool  
  17  0:49  Drone  
  17  0:52  Extractor  
  16  0:57  Drone  
  17  1:17  Hatchery  
  16  1:21  Drone  
  17  1:27  Drone  
  17  1:29  Drone  
  19  1:39  Queen  
  19  1:43  Zergling x2  
  22  1:51  Overlord  
  22  2:03  Metabolic Boost  
  22  2:12  Zergling x2  
  22  2:15  Queen, Zergling x2  
  26  2:23  Drone  
  27  2:30  Queen  
  27  2:32  Drone  
  30  2:38  Overlord  
  30  2:53  Pneumatized Carapace  
  30  3:00  Drone x3  
  30  3:01  Drone x2  
  34  3:07  Baneling Nest  
  33  3:18  Drone x3  
  36  3:22  Overlord  
  36  3:33  Drone x4  
  40  3:34  Drone  
  40  3:39  Overlord  
  39  3:57  Drone x3  
  39  3:58  Overlord x2  
  42  4:06  Hatchery  
  41  4:17  Evolution Chamber  
  41  4:18  Extractor  
  41  4:19  Evolution Chamber  
  38  4:31  Lair  
  38  4:34  Extractor, Drone x4  
  41  4:43  Drone x2  
  41  4:44  Drone x2  
  45  4:46  Zerg Melee Weapons Level 1  
  45  5:03  Zerg Ground Armor Level 1  
  45  5:06  Drone x3  
  45  5:07  Extractor, Overlord  
  47  5:08  Overlord  
  47  5:10  Drone x2  
  47  5:11  Drone x5  
  54  5:32  Zergling x14  
  61  5:37  Centrifical Hooks  
  61  5:50  Queen  
  61  5:55  Spire  
  62  6:00  Extractor, Drone x2  
  62  6:01  Drone  
  62  6:02  Extractor, Drone x3  
  62  6:03  Drone x3  
  62  6:04  Drone x2  
  71  6:05  Overlord x2  
  71  6:06  Zergling x4  
  71  6:07  Zergling x2  
  74  6:12  Baneling x5  
  74  6:21  Zergling x4  
  74  6:22  Zergling x2  
  74  6:23  Drone x2  
  79  6:31  Zergling x2  
  80  6:34  Hatchery  
  79  6:42  Drone x2  
  79  6:43  Drone x2  
  83  6:50  Drone x4  
  83  6:51  Zergling x4  
  83  6:53  Overlord  
  89  7:01  Zerg Ground Armor Level 2  
  89  7:04  Zerg Melee Weapons Level 2  
  89  7:14  Drone  
  89  7:15  Drone x6  
  96  7:16  Infestation Pit, Mutalisk x3  
  96  7:18  Zergling x2  
  96  7:19  Zergling x2  
  96  7:20  Baneling x3  
  103  7:27  Zerg Flyer Weapons Level 1  
  103  7:39  Drone x3  
  103  7:40  Extractor  
  103  7:41  Mutalisk x2  
  109  7:47  Baneling x2  
  109  7:48  Baneling  
  109  7:52  Queen  
  109  7:54  Drone x3  
  109  7:56  Extractor  
  113  8:00  Hive  
  113  8:06  Burrow  
  113  8:21  Infestor  
  113  8:25  Drone x3  
  117  9:01  Infestor x2  
  121  9:09  Zergling x8  
  126  9:10  Zergling x4  
  126  9:11  Overlord x6  
  126  9:12  Overlord x2  
  127  9:19  Ultralisk Cavern  
  127  9:24  Infestor x3  
  126  9:34  Zerg Melee Weapons Level 3, Zerg Ground Armor Level 3  
  126  9:39  Mutalisk x5  
  126  9:41  Zergling x10  
  141  9:46  Baneling x11  
  141  9:50  Pathogen Glands  
  141  10:06  Baneling x4  
  141  10:07  Baneling x8, Zergling x2  
  141  10:08  Zergling x20  
  141  10:12  Chitinous Plating  
  152  10:22  Ultralisk  
  158  10:28  Ultralisk  
  164  10:37  Baneling  
  164  10:38  Baneling x3  
  164  11:21  Ultralisk x4  
  188  11:27  Hatchery  
  187  11:56  Overlord x4  
  188  12:28  Hatchery  
  140  13:01  Zergling x26  
  140  13:02  Mutalisk x4, Zergling x10  
  140  13:03  Mutalisk x15  
Show
View Real Time Build Order
Export as new Build Order

CakePortal Terran 

Build Orders:  

Get SALT Encoding   

  12  0:02  SCV  
  14  0:14  SCV  
  14  0:21  Supply Depot  
  14  0:26  SCV  
  15  0:43  SCV  
  16  0:55  SCV  
  17  1:07  SCV  
  17  1:08  Refinery  
  18  1:18  Refinery  
  18  1:19  SCV  
  19  1:31  SCV  
  20  1:39  Barracks  
  20  1:43  SCV  
  21  1:56  SCV  
  22  2:07  Supply Depot  
  22  2:08  SCV  
  23  2:28  SCV  
  23  2:29  Barracks Reactor  
  24  2:34  Barracks  
  24  2:37  Supply Depot  
  24  2:40  SCV  
  24  3:21  Marine x2  
  24  3:24  Marine  
  27  3:38  Engineering Bay  
  27  3:39  Marine x2  
  29  3:42  Marine  
  29  3:44  SCV  
  29  3:56  Marine  
  29  3:57  Marine  
  31  4:14  Terran Infantry Weapons Level 1  
  31  4:16  Marine x3  
  34  4:23  Supply Depot  
  34  4:34  Marine x3  
  37  4:41  Factory  
  37  4:49  Supply Depot  
  37  4:52  Marine x3  
  40  5:09  Marine x3  
  43  5:27  Marine x2  
  45  5:33  Hellion  
  47  5:48  Armory  
  47  5:50  Marine x2  
  47  5:53  Barracks Tech Lab  
  49  6:05  Factory Tech Lab  
  49  6:08  Terran Infantry Armor Level 1, Marine x2  
  53  6:18  Marauder  
  53  6:21  Combat Shields  
  53  6:26  Marine x2  
  55  6:35  Supply Depot  
  55  6:38  Supply Depot  
  55  6:49  Starport  
  55  6:50  Terran Vehicle Weapons Level 1  
  55  6:57  Marauder, Thor  
  55  6:59  Marine x2  
  65  7:17  Marine x2  
  65  7:18  Command Center  
  67  7:34  Marauder  
  67  7:35  Marine x2  
  71  8:04  Supply Depot  
  71  8:12  Supply Depot  
  71  8:25  Thor  
  71  8:26  Marauder  
  79  9:06  Terran Vehicle And Ship Armor Level 1  
  79  9:07  Medivac  
  79  9:08  Hellbat  
  83  9:15  Marine x2  
  85  9:19  Marauder  
  87  9:33  Marine x2  
  87  9:37  Medivac  
  91  9:40  Marauder  
  93  9:51  Marine x2  
  95  9:59  Terran Infantry Armor Level 2  
  95  10:01  Marauder  
  95  10:05  Stimpack  
  97  10:08  Marine x2  
  99  10:14  Supply Depot  
  99  10:18  Supply Depot  
  99  10:23  Marauder  
  99  10:26  Marine  
  102  10:36  Marine  
  102  10:37  Hellbat  
  105  10:44  Marauder, Marine  
  105  10:45  Starport Tech Lab  
  108  10:53  Marine  
  109  10:57  Thor  
  115  11:09  Terran Vehicle Weapons Level 2  
  115  11:14  Cloaking Field  
  115  11:17  Banshee  
  118  11:24  Supply Depot  
  118  11:29  Supply Depot  
  118  11:53  Supply Depot  
  118  12:00  Banshee  
  121  12:02  Fusion Core  
  121  12:06  Concussive Shells  
  121  12:21  SCV  
  122  12:25  Refinery  
  122  12:33  SCV  
  123  12:43  Banshee  
  126  12:47  Refinery  
  126  12:51  Supply Depot  
Tags
 
Add a new tag
Caveats
  • Supply blocks, unpowered buildings, or Contaminate may cause inaccurate times.
  • Supply counts are checked every 10 seconds.